 Dungeon Crawl Stone Soup version 0.20.1-1-g8b1a95d (webtiles) character file.

4552 Vodalian the Carver (level 10, -3/88 HPs)
             Began as a Minotaur Berserker on Nov 1, 2017.
             Was an Elder of Trog.
             Slain by Vorkas's ghost (17 damage)
             ... on level 8 of the Dungeon.
             The game lasted 00:37:16 (6437 turns).

Vodalian the Carver (Minotaur Berserker)            Turns: 6437, Time: 00:37:18

Health: -3/88      AC: 17    Str: 24    XL:     10   Next: 17%
Magic:  9/9        EV: 13    Int:  4    God:    Trog [****..]
Gold:   374        SH:  0    Dex: 11    Spells: 9/9 levels left

rFire    . . .     SeeInvis .   z - +0 great sword (curse)
rCold    . . .     Gourm    .   (shield currently unavailable)
rNeg     . . .     Faith    .   i - +0 chain mail
rPois    .         Spirit   .   (helmet restricted)
rElec    .         Reflect  .   s - +1 cloak
rCorr    +         Harm     .   D - +1 pair of gloves {archery}
MR       .....                  C - +0 pair of boots (curse)
Stlth    ..........             (no amulet)
Regen    0.3/turn               u - +3 ring of evasion
MPRegen  0.2/turn               y - ring of resist corrosion

@: no status effects
A: retaliatory headbutt, horns 2
a: Berserk, Trog's Hand, Brothers in Arms, Burn Spellbooks, Renounce Religion


You were on level 8 of the Dungeon.
You worshipped Trog.
Trog was greatly pleased with you.
You were not hungry.

You visited 1 branch of the dungeon, and saw 8 of its levels.

You collected 374 gold pieces.

Inventory:

Hand Weapons
 a - a +0 mace
 v - a +2 trident of venom
 z - a cursed +0 great sword (weapon)
Armour
 i - a +0 chain mail (worn)
 s - a +1 cloak (worn)
 C - a cursed +0 pair of boots (worn)
 D - a +1 pair of gloves of archery (worn)
Jewellery
 u - a +3 ring of evasion (left hand)
 y - a ring of resist corrosion (right hand)
Wands
 g - a wand of flame (27/48)
 m - a wand of random effects (17/48)
 o - a wand of iceblast (9/15)
Scrolls
 n - 2 scrolls of identify
 q - a scroll of enchant armour
 w - 2 scrolls of teleportation
 A - a scroll of magic mapping
 B - 2 scrolls of fear
 E - a scroll of acquirement {unknown}
 F - a scroll of vulnerability {unknown}
Potions
 f - a potion of berserk rage
 k - a potion of lignification {unknown}
 p - a potion of haste {unknown}
 r - 3 potions of mutation {unknown}
 t - 2 potions of magic {unknown}
Comestibles
 c - a bread ration
 h - 2 royal jellies
 x - a meat ration


   Skills:
 + Level 8.0 Fighting
 + Level 9.8 Long Blades
 + Level 6.1 Maces & Flails
 + Level 5.9 Polearms
 + Level 9.3 Armour
 + Level 4.7 Dodging
 + Level 1.3 Stealth


You had 9 spell levels left.
You didn't know any spells.

Dungeon Overview and Level Annotations

Branches:
Dungeon (8/15)             Temple (0/1) D:5
   Lair: D:8-11

Altars:
Dithmenos
Fedhas
Hepliaklqana
Makhleb
Ru
Vehumet

Shops:
D:5 :

Annotations:
D:8 Gastronok; Maurice; Psyche; Vorkas's ghost, novice DDFi


Innate Abilities, Weirdness & Mutations

You reflexively headbutt those who attack you in melee.
You have a pair of horns on your head.


Message History

Vorkas's ghost is severely damaged.
Vorkas's ghost hits you but does no damage.
You hit Vorkas's ghost but do no damage.
Vorkas's ghost is heavily damaged.
Vorkas's ghost misses you.
You riposte.
You barely miss Vorkas's ghost. You headbutt Vorkas's ghost!
Vorkas's ghost is severely damaged.
Vorkas's ghost misses you. You furiously retaliate!
You headbutt Vorkas's ghost! You barely miss Vorkas's ghost.
Vorkas's ghost is almost destroyed.
Vorkas's ghost closely misses you.
You riposte.
You hit Vorkas's ghost.
Vorkas's ghost is almost destroyed.
You closely miss Vorkas's ghost.
You headbutt Vorkas's ghost, but do no damage.
Vorkas's ghost is almost destroyed.
Vorkas's ghost hits you.
* * * LOW HITPOINT WARNING * * *
You are electrocuted!
You die...

###..##.#####
#W.##.....#
#..######.# #..#
#.# #..# #.#
#..######.#
#.........#
#..####.#########
#.......)W@.#
...>###.#.#.# #.
#.#.#.# #.###.#
#.....# #######


You could see Vorkas's ghost.

Vanquished Creatures
  A two-headed ogre (D:8)
  The ghost of Spero the Grappler, a novice TrMo of Trog (D:7)
  Pikel (D:7)
  2 hippogriffs (D:7)
  Sigmund (D:2)
  The ghost of Gremour the Chopper, an amateur HOFi (D:4)
  A hungry ghost (D:7)
  Duvessa (D:6)
  An orc warrior (D:8)
  2 ice beasts
  A slave (D:7)
  2 ogres (D:7)
  A centaur (D:7)
  4 bullfrogs
  A big kobold (D:7)
  Dowan (D:6)
  2 scorpions (D:6)
  3 killer bees (D:7)
  5 wights (D:5)
  A howler monkey (D:7)
  A quasit (D:7)
  A bullfrog skeleton (D:4)
  2 hounds
  4 orc wizards
  Ijyb (D:3)
  An iguana (D:4)
  7 worker ants
  A howler monkey zombie (D:6)
  14 adders
  3 shadow imps
  An adder zombie (D:6)
  An adder skeleton (D:4)
  A dart slug (D:3)
  7 leopard geckos
  7 orcs
  2 giant cockroaches (D:7)
  3 goblins (D:1)
  3 hobgoblins
  5 jackals
  A quokka (D:5)
  8 bats
  4 frilled lizards
  9 kobolds
  2 quokka skeletons (D:5)
  6 rats
128 creatures vanquished.

Notes
Turn   | Place    | Note
-------+----------+-------------------------------------------
     0 | D:1      | Vodalian the Minotaur Berserker began the quest for the Orb.
     0 | D:1      | Reached XP level 1. HP: 19/19 MP: 0/0
   295 | D:1      | Reached XP level 2. HP: 22/27 MP: 1/1
  1039 | D:1      | Reached XP level 3. HP: 34/34 MP: 2/2
  1348 | D:2      | Reached ** piety under Trog
  1596 | D:2      | Reached XP level 4. HP: 36/41 MP: 3/3
  2034 | D:2      | Noticed Sigmund
  2047 | D:2      | Killed Sigmund
  2047 | D:2      | Reached skill level 5 in Fighting
  2047 | D:2      | Reached skill level 5 in Maces & Flails
  2047 | D:2      | Reached XP level 5. HP: 37/48 MP: 4/4
  2120 | D:3      | Found a burning altar of Makhleb.
  2120 | D:3      | Found a blossoming altar of Fedhas.
  2276 | D:3      | Found a sacrificial altar of Ru.
  2413 | D:3      | Noticed Ijyb
  2422 | D:3      | Killed Ijyb
  2422 | D:3      | Reached XP level 6. HP: 53/56 MP: 5/5
  2997 | D:4      | Found a radiant altar of Vehumet.
  3104 | D:4      | Found a shadowy altar of Dithmenos.
  3168 | D:4      | Reached skill level 1 in Polearms
  3168 | D:4      | Reached skill level 1 in Stealth
  3315 | D:4      | Noticed Gremour's ghost (amateur HOFi)
  3325 | D:4      | Killed Gremour's ghost
  3325 | D:4      | Reached XP level 7. HP: 42/61 MP: 6/6
  3526 | D:4      | Reached skill level 5 in Armour
  3731 | D:5      | Entered Level 5 of the Dungeon
  3797 | D:5      | Found a hazy altar of Hepliaklqana.
  3875 | D:5      | Found a staircase to the Ecumenical Temple.
  4076 | D:5      | Found Gokiog's Book Shoppe.
  4228 | D:5      | Reached *** piety under Trog
  4431 | D:6      | Noticed Duvessa
  4431 | D:6      | Noticed Dowan
  4438 | D:6      | Killed Duvessa
  4438 | D:6      | Reached skill level 1 in Long Blades
  4438 | D:6      | Reached XP level 8. HP: 70/70 MP: 7/7
  4440 | D:6      | Reached skill level 5 in Polearms
  4444 | D:6      | Killed Dowan
  4517 | D:6      | Found a sacrificial altar of Ru.
  5063 | D:7      | Found a burning altar of Makhleb.
  5063 | D:7      | Noticed a hippogriff
  5065 | D:7      | Noticed Spero's ghost (novice TrMo)
  5072 | D:7      | Killed a hippogriff
  5075 | D:7      | Killed Spero's ghost
  5075 | D:7      | Reached XP level 9. HP: 78/78 MP: 8/8
  5963 | D:7      | Noticed Pikel
  5978 | D:7      | Killed Pikel
  6038 | D:8      | Noticed Psyche
  6038 | D:8      | Noticed Maurice
  6044 | D:8      | Reached **** piety under Trog
  6055 | D:8      | Reached XP level 10. HP: 88/88 MP: 9/9
  6074 | D:8      | Noticed Gastronok
  6074 | D:8      | Paralysed by something for 7 turns
  6265 | D:8      | Noticed a two-headed ogre
  6275 | D:8      | Killed a two-headed ogre
  6339 | D:8      | Noticed Vorkas's ghost (novice DDFi)
  6437 | D:8      | Slain by Vorkas's ghost

Skill      XL: |  1  2  3  4  5  6  7  8  9 10 |
---------------+-------------------------------+-----
Fighting       | 4 5 6 7 8 |  8.0
Maces & Flails | 4 5 6 |  6.1
Armour         | 3 4 6 7 8 9 |  9.3
Dodging        | 3 4 |  4.7
Polearms       | 2 4 5 |  5.9
Stealth        | 1 |  1.3
Long Blades    | 1 6 9 |  9.8

Action                   |  1- 3 |  4- 6 |  7- 9 | 10-12 || total
-------------------------+-------+-------+-------+-------++-------
Melee: Mace              |    72 |    13 |       |       ||    85
       Headbutt          |     8 |    13 |    46 |     7 ||    74
       Scythe            |       |    52 |    49 |       ||   101
       Great sword       |       |       |   150 |    29 ||   179
Invok: Burn Spellbooks   |       |     1 |       |       ||     1
       Berserk           |       |     1 |     2 |     1 ||     4
  Use: Scroll            |       |       |     7 |       ||     7
       Potion            |       |       |       |     1 ||     1
  Eat: Chunk             |     2 |     5 |     6 |       ||    13
       Bread ration      |       |       |     2 |       ||     2
       Meat ration       |       |       |     1 |       ||     1
       Fruit             |       |       |       |     2 ||     2
Armor: Animal skin       |     2 |       |       |       ||     2
       Ring mail         |    24 |       |       |       ||    24
       Chain mail        |     6 |    69 |   176 |    42 ||   293
Dodge: Dodged            |    60 |    51 |   246 |    17 ||   374
       Rpst.: Great sword |       |       |    43 |     5 ||    48
